AoeStats
← 一级伐木

Arena

512859167Analyzed
3v3 RM · 26d ago on Oct 11, 2026· 43m 35s· 6 players
Game mode
Random Map
Map size
Normal (6 player)
Population
200
Speed
Normal
Resources
Standard
Victory
Conquest
Starting age
Dark Age
Ending age
Imperial Age
RankedLock teamsTeams togetherTeam positionsShared explorationLock speedFull tech treeHidden civsTurbo modeCheats
Victory
Defeat
🇨🇳 Turks · China
961
+15
🇨🇳 Spanish · China
950
+16
🇭🇰 Danes · Hong Kong SAR China
861
+19
vs
🇳🇱 Slavs · Netherlands
1016
-19
🇹🇷 Khmer · Türkiye
914
-16
🇨🇿 Teutons · Czechia
898
-15
看我如何吊爆你
12:03 Feudal Age
16:03 Castle Age
14:36 Double-Bit Axe
14:33 Horse Collar
17:04 Loom
18:07 Town Watch
22:33 Imperial Age
20:57 Gold Mining
22:15 Padded Archer Armor
23:10 Leather Archer Armor
32:02 Ring Archer Armor
夜清尘
10:40 Feudal Age
14:44 Castle Age
13:09 Double-Bit Axe
13:43 Horse Collar
15:20 Wheelbarrow
16:01 Bow Saw
16:01 Loom
24:57 Gold Mining
24:57 Stone Mining
27:48 Hand Cart
27:19 Town Watch
30:29 Imperial Age
28:03 Town Patrol
28:19 Forging
27:59 Fletching
28:10 Padded Archer Armor
28:10 Hamask
29:32 Heavy Plow
29:30 Arson
29:45 Squires
29:30 Gambesons
30:21 Ballistics
29:57 Murder Holes
31:03 Gold Shaft Mining
31:04 Stone Shaft Mining
31:20 Iron Casting
30:48 Scale Mail Armor
30:44 Bodkin Arrow
30:33 Elite Jomsviking
31:33 Conscription
33:02 Blast Furnace
32:58 Chain Mail Armor
32:18 Capped Ram
33:53 Bracer
34:08 Leather Archer Armor
33:39 Cranequins
33:39 Heavy Mounted Crossbowman
34:25 Thumb Ring
34:31 Siege Ram
36:29 Plate Mail Armor
37:12 Chemistry
36:18 Siege Engineers
36:49 Northmen's Fury
40:17 Ring Archer Armor
41:28 Chemistry
40:01 Onager
一级伐木
11:31 Feudal Age
15:05 Castle Age
12:58 Horse Collar
13:52 Double-Bit Axe
16:13 Bow Saw
20:14 Wheelbarrow
22:46 Hand Cart
27:15 Gold Mining
30:40 Imperial Age
27:57 Loom
28:14 Town Watch
28:33 Heavy Plow
29:04 Stone Mining
30:48 Scale Barding Armor
31:19 Sanctity
31:10 Fervor
32:04 Block Printing
32:54 Two-Man Saw
33:09 Supremacy
33:09 Conscription
32:37 Pikeman
33:18 Squires
33:03 Arson
33:21 Inquisition
34:16 Bloodlines
34:06 Husbandry
35:07 Redemption
35:22 Illumination
35:00 Atonement
35:50 Stone Shaft Mining
35:44 Guilds
36:24 Chain Barding Armor
35:54 Fletching
35:55 Elite Conquistador
36:56 Light Cavalry
36:56 Cavalier
38:15 Plate Barding Armor
37:35 Bodkin Arrow
38:45 Bracer
38:56 Forging
38:48 Scale Mail Armor
38:48 Padded Archer Armor
38:53 Caravan
38:25 Halberdier
40:22 Chemistry
39:43 Herbal Medicine
40:25 Theocracy
40:28 Chain Mail Armor
40:49 Iron Casting
40:29 Leather Archer Armor
41:10 Heresy
40:50 Devotion
43:28 Blast Furnace
42:59 Plate Mail Armor
42:59 Ring Archer Armor
42:54 Faith
Graund
11:03 Feudal Age
14:28 Castle Age
13:43 Double-Bit Axe
14:42 Horse Collar
16:49 Heavy Plow
18:12 Wheelbarrow
18:08 Stone Mining
20:52 Gold Mining
22:32 Bow Saw
23:25 Gold Shaft Mining
25:58 Padded Archer Armor
28:02 Hand Cart
35:45 Leather Archer Armor
37:32 Leather Archer Armor
42:45 Imperial Age
41:28 Elite Skirmisher
41:59 Fletching
43:48 Ballistics
BillyBadBoy
10:48 Feudal Age
11:30 Double-Bit Axe
13:17 Loom
16:46 Castle Age
14:53 Horse Collar
18:35 Bow Saw
21:49 Fletching
23:15 Scale Mail Armor
29:31 Wheelbarrow
28:42 Town Watch
29:02 Heavy Plow
29:44 Forging
29:33 Bodkin Arrow
30:03 Chain Mail Armor
29:53 Squires
31:01 Hand Cart
34:07 Iron Casting
34:46 Man-at-Arms
35:23 Bodkin Arrow
35:29 Padded Archer Armor
38:37 Imperial Age
35:55 Long Swordsman
37:19 Elite Skirmisher
38:19 Pikeman
Dallass
10:43 Feudal Age
11:18 Double-Bit Axe
11:17 Horse Collar
19:06 Castle Age
17:44 Gold Mining
17:45 Stone Mining
19:11 Forging
23:03 Scale Barding Armor
24:55 Iron Casting
24:43 Bow Saw
24:37 Heavy Plow
26:06 Chain Barding Armor
26:23 Stone Shaft Mining
28:11 Squires
28:01 Loom
28:50 Pikeman
29:33 Scale Mail Armor
30:12 Wheelbarrow
29:53 Arson
30:43 Bloodlines
31:26 Chain Mail Armor
34:07 Imperial Age
32:09 Fletching
32:51 Ballistics
33:35 Bodkin Arrow
34:24 Hand Cart
34:33 Caravan
34:37 Padded Archer Armor
34:00 Elite Skirmisher
34:35 Cavalier
35:47 Conscription
35:02 Crossbowman
37:16 Crop Rotation
37:52 Two-Man Saw
37:35 Leather Archer Armor
42:44 Plate Mail Armor
Connection lost

Rejoining the realm…

Still unreachable

The connection could not be restored.

Session expired

The server has moved on; the page needs a fresh start.